 Dungeon Crawl Stone Soup version 0.29-a0-506-ga2e7fffb44 (webtiles) character file.

Game seed: 11221511423308586802

11851 kyalle the Fighter (level 11, -1/104 (107) HPs)
             Began as a Minotaur Fighter on May 28, 2022.
             Was a Priest of the Shining One.
             Slain by an ettin simulacrum (15 damage)
             ... led by a necromancer
             ... on level 1 of the Orcish Mines.
             The game lasted 00:54:44 (11698 turns).

kyalle the Fighter (Minotaur Fighter)              Turns: 11698, Time: 00:54:47

HP:   -1/104 (107)  AC: 31    Str: 26    XL:     11   Next: 54%
MP:   10/10         EV:  7    Int:  5    God:    the Shining One [***...]
Gold: 567           SH: 11    Dex: 15    Spells: 10/10 levels left

rFire   . . .      SeeInvis .   I - +5 hand axe (flame)
rCold   . . .      Faith    .   A - +0 kite shield
rNeg    + . .      Spirit   .   c - +18 Lear's hauberk
rPois   .          Reflect  .   (helmet currently unavailable)
rElec   .          Harm     .   F - +0 cloak
rCorr   .          Rampage  .   (gloves currently unavailable)
Will    .....                   (boots currently unavailable)
Stlth   ..........              (no amulet)
HPRegen 0.27/turn               e - +6 ring of dexterity
MPRegen 0.12/turn               (no ring)

@: glowing, lightly drained
A: horns 2, retaliatory headbutt
a: Renounce Religion, Divine Shield, Cleansing Flame


You were on level 1 of the Orcish Mines.
You worshipped the Shining One.
The Shining One was most pleased with you.
You visited 3 branches of the dungeon, and saw 12 of its levels.
You also visited: Sewer.

You collected 671 gold pieces.
You spent 104 gold pieces at shops.

Inventory:

Hand Weapons
 a - a +1 war axe
 p - a +1 vorpal halberd
 G - a +8 spear of pain
 I - a +5 hand axe of flaming (weapon)
Missiles
 l - 2 atropa-tipped darts (quivered)
 w - 11 boomerangs
Armour
 c - the +18 Lear's hauberk (worn)
   (You found it on level 9 of the Dungeon)
 o - a +4 plate armour
 r - a +0 pair of gloves
 A - a +0 kite shield (worn)
 F - a +0 cloak (worn)
Magical Staves
 t - a staff of cold
Jewellery
 e - a +6 ring of dexterity (left hand)
 x - a +6 ring of dexterity
Wands
 f - a wand of digging (10)
 s - a wand of iceblast (4)
 y - a wand of flame (11)
 E - a wand of charming (8)
 P - a wand of polymorph (11)
Scrolls
 b - a scroll of enchant armour
 q - a scroll of immolation
 z - 3 scrolls of amnesia
 D - 2 scrolls of teleportation
 J - 2 scrolls of blinking
 N - 6 scrolls of identify
 O - 2 scrolls of silence
Potions
 d - a potion of might
 g - 3 potions of haste
 h - 2 potions of lignification
 i - a potion of heal wounds
 j - 5 potions of curing
 k - 3 potions of magic
 m - a potion of berserk rage
 n - 3 potions of brilliance
 u - 2 potions of flight {unknown}
 B - 3 potions of invisibility
 C - 2 potions of mutation {unknown}
 H - a potion of cancellation
 K - 3 potions of ambrosia {unknown}
 L - 2 potions of degeneration


   Skills:
 * Level 13.3 Fighting
 * Level 11.6(12.2) Axes
 - Level 5.8(9.5) Polearms
 + Level 9.9 Armour
 + Level 9.6 Shields


You had 10 spell levels left.
You didn't know any spells.
Your spell library contained the following spells:

 Spells                   Type           Power      Damage    Failure   Level
 Shock                    Conj/Air       0%         1d3       99%         1
 Blink                    Tloc           0%         N/A       100%        2
 Swiftness                Air            0%         N/A       100%        3
 Airstrike                Air            0%         N/A       100%        4
 Alistair's Intoxication  Tmut/Pois      0%         N/A       100%        5
 Borgnjor's Vile Clutch   Necr/Erth      0%         N/A       100%        5
 Manifold Assault         Tloc           0%         N/A       100%        5
 Eringya's Noxious Bog    Tmut/Pois      0%         N/A       100%        6
 Storm Form               Tmut/Air       0%         N/A       100%        7


Dungeon Overview and Level Annotations

Branches:
Dungeon (10/15)            Temple (1/1) D:7            Lair (0/6) D:9
    Orc (1/2) D:10          Sewer (visited)

Altars:
Ashenzari
Cheibriados
Dithmenos
Elyvilon
Fedhas
Gozag
Hepliaklqana
Kikubaaqudgha
Makhleb
Nemelex Xobeh
Okawaru
Qazlal
Ru
Sif Muna
Trog
Uskayaw
Vehumet
Wu Jian
Xom
Yredelemnul
Zin
The Shining One
Beogh

Shops:
D:5 ?


Innate Abilities, Weirdness & Mutations

You have a pair of horns on your head.
You reflexively headbutt those who attack you in melee.


Message History

The orc warrior skeleton completely resists.
The bolt of negative energy hits you! You partially resist.
You feel drained.
The orc warrior skeleton hits you but does no damage.
You slash the necromancer! You burn the necromancer.
You headbutt the necromancer.
The necromancer is severely wounded.
You slash the orc warrior skeleton! You burn the orc warrior skeleton.
You hit the ettin simulacrum but do no damage.
The ettin simulacrum hits you. The ettin simulacrum freezes you!!
The ettin simulacrum hits you. The ettin simulacrum freezes you!!
* * * LOW HITPOINT WARNING * * *
You block the orc warrior skeleton's attack.
The necromancer gestures at you while chanting.
The bolt of negative energy hits you but does no damage.
You partially resist.
You feel much better. The ettin simulacrum hits you.
The ettin simulacrum freezes you!
* * * LOW HITPOINT WARNING * * *
You block the ettin simulacrum's attack.
The orc warrior skeleton hits you but does no damage.
The necromancer hits you but does no damage.
You hit the necromancer. You burn the necromancer.
Your headbutt misses the necromancer.
The necromancer is severely wounded.
You hit the ettin simulacrum.
You melt the ettin simulacrum.
You slash the ettin skeleton! You burn the ettin skeleton.
You hit the orc warrior skeleton. You burn the orc warrior skeleton.
You hit the necromancer. You burn the necromancer.
The necromancer is almost dead.
You slash the orc warrior skeleton! You burn the orc warrior skeleton.
You slash the ettin skeleton! You burn the ettin skeleton.
You hit the ettin simulacrum.
You melt the ettin simulacrum.
The necromancer casts a spell.
The necromancer binds the souls of nearby monsters.
The ettin skeleton closely misses you. x2
You block the ettin simulacrum's attack.
The ettin simulacrum hits you!
* * * LOW HITPOINT WARNING * * *
The ettin simulacrum freezes you!
You die...

................
..................
#.................
##................
#.................
###.................
##.....#.#...........
##.......#............
##.........#..#@Z......
##.....#.......ZZp......
..................$.....
....)...................
≈.....).......≈≈≈≈≈.....
≈≈..≈8)..8≈..≈≈###≈≈....
#≈≈≈≈#)''#≈≈≈≈##.##≈....
######...######.>.#≈....
#.............#..##≈....


You could see a necromancer, an ettin simulacrum, an orc warrior skeleton and an
ettin skeleton.

Vanquished Creatures
  3 two-headed ogres
  A necromancer (Orc:1)
  Pikel (D:8)
  A cyclops (D:7)
  An elephant (D:9)
  2 trolls
  3 shadows (D:10)
  Sigmund (D:5)
  A wyvern (D:9)
  15 yaks
  A wraith (D:9)
  Eustachio (D:4)
  2 basilisks (D:9)
  Grum (D:8)
  Menkaure (D:5)
  2 water moccasins
  Duvessa (D:5)
  3 sky beasts
  5 orc warriors
  3 ice beasts
  2 ogres
  4 wolves (D:8)
  2 centaurs
  A phantom (D:5)
  A kobold brigand (D:7)
  A bullfrog (D:8)
  2 gnoll sergeants
  9 wights
  4 scorpions
  Dowan (D:5)
  A troll zombie (D:10)
  4 howler monkeys
  2 jellies
  3 orc priests
  2 gnoll shamans (D:6)
  3 hounds
  4 iguanas
  Jessica (D:2)
  Ijyb (D:4)
  11 orc wizards
  5 ogre zombies (D:10)
  Robin (D:2)
  16 gnolls
  7 adders
  3 shadow imps
  A white imp (D:6)
  3 ufetubi
  3 worms
  A dart slug (D:2)
  24 orcs
  10 endoplasms
  4 giant cockroaches
  18 goblins
  8 hobgoblins
  6 kobolds
  A quokka (D:4)
  4 ball pythons
  10 bats
  A frilled lizard (D:3)
  A goblin skeleton (D:10)
  A goblin zombie (D:10)
  A hobgoblin skeleton (D:10)
  A hobgoblin zombie (D:10)
  5 orc skeletons
  13 orc zombies (D:10)
  6 rats
262 creatures vanquished.

Vanquished Creatures (others)
  A rat (D:3)
  A fungus (D:8)
2 creatures vanquished.

Grand Total: 264 creatures vanquished

Notes
Turn   | Place    | Note
-------+----------+-------------------------------------------
     0 | D:1      | kyalle the Minotaur Fighter began the quest for the Orb.
     0 | D:1      | Reached XP level 1. HP: 19/19 MP: 0/0
    95 | D:1      | Reached XP level 2. HP: 27/27 MP: 1/1
   126 | D:1      | Found a faded altar of an unknown god.
   507 | D:1      | Reached skill level 4 in Fighting
   721 | D:2      | Reached XP level 3. HP: 33/33 MP: 2/2
   729 | D:2      | Noticed Robin
   751 | D:2      | Killed Robin
  1125 | D:2      | Reached XP level 4. HP: 41/41 MP: 3/3
  1174 | D:2      | Noticed Jessica
  1177 | D:2      | Killed Jessica
  1711 | D:3      | Found a glowing drain.
  1727 | Sewer    | Entered a sewer
  1753 | Sewer    | Noticed a water moccasin
  1760 | Sewer    | Killed a water moccasin
  1761 | Sewer    | Reached skill level 5 in Fighting
  1761 | Sewer    | Reached XP level 5. HP: 34/48 MP: 4/4
  2300 | D:3      | Noticed an ogre
  2304 | D:3      | Killed an ogre
  2305 | D:3      | Reached skill level 5 in Axes
  2305 | D:3      | Reached XP level 6. HP: 24/57 MP: 5/5
  2586 | D:3      | Found a bloodstained altar of Trog.
  2707 | D:4      | Noticed Ijyb
  2711 | D:4      | Killed Ijyb
  2736 | D:4      | Reached skill level 6 in Fighting
  2736 | D:4      | Reached skill level 5 in Armour
  3158 | D:4      | Noticed Eustachio
  3171 | D:4      | Killed Eustachio
  3172 | D:4      | Reached skill level 5 in Shields
  3172 | D:4      | Reached XP level 7. HP: 36/64 MP: 6/6
  3932 | D:5      | Entered Level 5 of the Dungeon
  3964 | D:5      | Noticed Sigmund
  3978 | D:5      | Reached skill level 7 in Fighting
  4000 | D:5      | Killed Sigmund
  4001 | D:5      | Reached XP level 8. HP: 23/74 MP: 7/7
  4101 | D:5      | Noticed Duvessa
  4307 | D:5      | Noticed Dowan
  4311 | D:5      | Killed Duvessa
  4312 | D:5      | Reached skill level 8 in Fighting
  4313 | D:5      | Killed Dowan
  4670 | D:5      | Found Wuqeiwk's Magic Scroll Boutique.
  4673 | D:5      | Noticed Menkaure
  4678 | D:5      | Killed Menkaure
  4683 | D:5      | Bought a scroll of identify for 22 gold pieces
  4683 | D:5      | Bought a scroll of enchant armour for 82 gold pieces
  5416 | D:6      | Reached skill level 1 in Polearms
  5500 | D:6      | Reached skill level 9 in Fighting
  5512 | D:6      | Reached XP level 9. HP: 62/79 MP: 8/8
  6442 | D:7      | Noticed a troll
  6447 | D:7      | Killed a troll
  6497 | D:7      | Noticed a cyclops
  6527 | D:7      | Killed a cyclops
  6528 | D:7      | Reached skill level 10 in Fighting
  6528 | D:7      | Reached skill level 5 in Polearms
  6777 | D:7      | Found a staircase to the Ecumenical Temple.
  6800 | Temple   | Entered the Ecumenical Temple
  6814 | Temple   | Became a worshipper of the Shining One
  6931 | D:7      | Found a sparkling altar of Nemelex Xobeh.
  7274 | D:8      | Noticed Pikel
  7297 | D:8      | Killed Pikel
  7298 | D:8      | Reached XP level 10. HP: 83/94 MP: 9/9
  8463 | D:8      | Noticed Grum
  8481 | D:8      | Killed Grum
  8484 | D:8      | Reached skill level 11 in Fighting
  8838 | D:8      | Found a sacrificial altar of Ru.
  9568 | D:9      | Found a staircase to the Lair.
  9688 | D:9      | Noticed a two-headed ogre
  9695 | D:9      | Killed a two-headed ogre
  9696 | D:9      | Reached skill level 12 in Fighting
  9696 | D:9      | Reached skill level 10 in Axes
  9962 | D:9      | Found the +18 Lear's hauberk
 10100 | D:9      | Found a burning altar of Makhleb.
 10100 | D:9      | Reached * piety under the Shining One
 10149 | D:9      | Reached XP level 11. HP: 99/105 MP: 10/10
 10562 | D:10     | Entered Level 10 of the Dungeon
 10697 | D:10     | Noticed a two-headed ogre
 10709 | D:10     | Killed a two-headed ogre
 10874 | D:10     | Found a staircase to the Orcish Mines.
 10895 | D:10     | Reached ** piety under the Shining One
 10971 | D:10     | Reached *** piety under the Shining One
 11320 | D:10     | Noticed a two-headed ogre
 11328 | D:10     | Killed a two-headed ogre
 11329 | D:10     | Reached skill level 13 in Fighting
 11526 | Orc:1    | Entered Level 1 of the Orcish Mines
 11566 | Orc:1    | Noticed a necromancer
 11578 | Orc:1    | Killed a necromancer
 11690 | Orc:1    | Noticed a necromancer
 11698 | Orc:1    | Slain by an ettin simulacrum

Illustrated notes

Levels and vault maps discovered:
D:1:      psy_arrival_whirlpool, layout_basic, basic_ecumenical_altar,
          serial_aquarium, aquarium_bridge_straight [aquarium_subvault_bridge,
          aquarium_subvault_window, aquarium_subvault_bridge,
          aquarium_subvault_window], aquarium_window_1, aquarium_window_fake,
          aquarium_window_1, aquarium_view_2f, aquarium_view_2g
D:2:      layout_loops_ring, uniq_jessica, uniq_robin
D:3:      layout_rooms, lemuel_coloured_pillars_altar,
          cheibrodos_sewer_entry_bend, hangedman_abyss_or_decor_stabs,
          grunt_decor_cap, minmay_misc_feat_secret_circle, chequers_mini_garden,
          minmay_quadrilaterals
D:4:      layout_loops_ring, uniq_ijyb, uniq_eustachio
D:5:      layout_loops_ring, serial_shops, nicolae_shop_stone, lightli_minifort,
          uniq_duvessa, uniq_menkaure, uniq_sigmund
D:6:      layout_basic
D:7:      layout_basic, nemelex_xobeh_ov_fountains_minmay,
          minmay_temple_entry_ruins
D:8:      layout_basic, nicolae_ru_the_path_less_chosen, uniq_grum, uniq_pikel
D:9:      layout_loops_ring, mainiacjoe_overflow_six_doors_small,
          david_lair_generic, nicolae_figureground_pulse
D:10:     layout_loops_ring, zombieorc1_lemuel
Temple:   compressed_dpeg_circular_temple
Orc:1:    dreamdust_under_siege, layout_caves, basic_altar,
          nicolae_orc_stony_grotto

Skill      XL: |  1  2  3  4  5  6  7  8  9 10 11 |
---------------+----------------------------------+-----
Fighting       | 4 5 6 7 9 10 12 13 | 13.3
Axes           | 3 4 5 7 8 10 11 | 11.6
Armour         | 4 5 6 8 9 |  9.9
Shields        | 4 5 6 7 8 9 |  9.6
Polearms       | 2 5 |  5.8

Action                   |  1- 3 |  4- 6 |  7- 9 | 10-12 || total
-------------------------+-------+-------+-------+-------++-------
Melee: War axe           |    59 |   103 |   107 |       ||   269
       Headbutt          |    12 |    20 |    52 |    74 ||   158
       Spear             |       |       |   140 |       ||   140
       Hand axe          |       |       |    12 |   314 ||   326
  Use: Potion            |     1 |       |     4 |     1 ||     6
       Scroll            |       |     9 |    16 |     3 ||    28
Armor: Scale mail        |    30 |    55 |    24 |       ||   109
       Plate armour      |       |       |    91 |    57 ||   148
       Chain mail        |       |       |       |    65 ||    65
Dodge: Dodged            |    47 |    60 |    59 |    58 ||   224
Block: Buckler           |    12 |    32 |    16 |       ||    60
       Kite shield       |       |       |    89 |   133 ||   222

Table legend: (Time is in decaauts)
 A = Elapsed time spent in this place.
 B = Non-inter-level travel time spent in this place.
 C = Inter-level travel time spent in this place.
 D = Time resting spent in this place.
 E = Time spent auto-exploring this place.
 F = Levels seen in this place.
 G = Mean time per level.
                   A        B        C        D        E       F      G
               +--------+--------+--------+--------+--------+-----+--------+
         Total |  11721 |  11310 |    411 |   1521 |   6853 |  13 |  901.6 |
       Dungeon |  11363 |  11069 |    294 |   1521 |   6853 |  10 | 1136.3 |
        Temple |    111 |     31 |     80 |      0 |      0 |   1 |  111.0 |
  Orcish Mines |    164 |    127 |     37 |      0 |      0 |   1 |  164.0 |
         Sewer |     82 |     82 |      0 |      0 |      0 |   1 |   82.0 |
               +--------+--------+--------+--------+--------+-----+--------+

Top non-repeatable levels by time:
     D:8: 2239 daAuts
     D:4: 1295 daAuts
     D:5: 1200 daAuts
     D:3: 1150 daAuts
     D:9: 1105 daAuts
     D:6: 1087 daAuts
    D:10: 951 daAuts
     D:2: 941 daAuts
     D:1: 727 daAuts
     D:7: 664 daAuts
   Orc:1: 164 daAuts
  Temple: 111 daAuts
   Sewer: 82 daAuts
